 Dungeon Crawl Stone Soup version 0.31-a0-731-ga75f04deac (webtiles) character file.

Game seed: 11316256874515463897

4169 Ijustatesigmund the Thaumaturge (level 10, 0/57 HPs)
             Began as a Deep Elf Fire Elementalist on Sept 12, 2023.
             Was a Believer of Cheibriados.
             Slain by a centaur warrior
             ... wielding a +4 scimitar of freezing
              (7 damage)
             ... on level 8 of the Dungeon.
             The game lasted 00:19:11 (10997 turns).

Ijustatesigmund the Thaumaturge (DEFE)             Turns: 10997, Time: 00:19:12

Health: 0/57       AC: 11    Str: 10    XL:     10   Next: 7%
Magic:  20/25      EV: 15    Int: 30    God:    Cheibriados [**....]
Gold:   379        SH:  0    Dex: 20    Spells: 18/28 levels left

rFire   . . .        d - +3 short sword (venom)
rCold   . . .        (no shield)
rNeg    . . .        a - +0 robe
rPois   .            m - +1 helmet
rElec   .            r - +1 cloak
rCorr   .            (no gloves)
SInv    .            e - +0 pair of boots
Will    +....        (no amulet)
Stlth   ++           k - +4 ring of protection
HPRegen 0.29/turn    w - ring of wizardry
MPRegen 0.19/turn

%: wizardry (x1)
@: very slow
A: no striking features
a: Renounce Religion, Bend Time


You were on level 8 of the Dungeon.
You worshipped Cheibriados.
Cheibriados was pleased with you.
You visited 2 branches of the dungeon, and saw 9 of its levels.
You also visited: Sewer.

You collected 379 gold pieces.

Inventory:

Hand Weapons
 d - a +3 short sword of venom (weapon)
 s - a +3 quarterstaff of chaos
Missiles
 z - a throwing net
Armour
 a - a +0 robe (worn)
 e - a +0 pair of boots (worn)
 m - a +1 helmet (worn)
 r - a +1 cloak (worn)
Jewellery
 k - a +4 ring of protection (left hand)
 w - a ring of wizardry (right hand)
 x - a +5 ring of evasion
Wands
 y - a wand of flame (23)
 C - a wand of charming (9)
Scrolls
 g - a scroll of silence
 n - 5 scrolls of immolation
 p - 2 scrolls of vulnerability
 q - a scroll of enchant weapon
 v - 4 scrolls of identify
 A - 2 scrolls of blinking
 B - a scroll of fear
 D - a scroll of brand weapon {unknown}
 E - a scroll of torment
Potions
 b - 3 potions of magic
 c - 2 potions of curing
 f - a potion of enlightenment
 h - 3 potions of heal wounds
 i - a potion of invisibility
 j - 2 potions of brilliance
 l - 3 potions of mutation
 o - 4 potions of lignification
 t - 3 potions of might
 u - a potion of ambrosia


   Skills:
 - Level 4.2 Fighting
 - Level 2.5 Short Blades
 - Level 4.9 Dodging
 - Level 2.4 Stealth
 - Level 9.7 Spellcasting
 - Level 7.7 Conjurations
 - Level 8.4 Fire Magic
 + Level 0.1 Earth Magic
 + Level 3.8 Invocations


You had 18 spell levels left.
You knew the following spells:

 Your Spells              Type           Power      Damage    Failure   Level
a - Foxfire               Conj/Fire      100%       2x1d9     1%          1
b - Scorch                Fire           100%       2d9       1%          2
c - Flame Wave            Conj/Fire      59%        2d14      1%          4
d - Stone Arrow           Conj/Erth      76%        3d11      1%          3

Your spell library contained the following spells:

 Spells                   Type           Power      Damage    Failure   Level
 Sandblast                Erth           30%        2d9       1%          1
 Summon Small Mammal      Summ           56%        N/A       1%          1
 Inner Flame              Hex/Fire       40%        N/A       1%          3
 Volatile Blastmotes      Fire/Tloc      80%        2d16      1%          3
 Passwall                 Tmut/Erth      12%        N/A       2%          2
 Sublimation of Blood     Necr           14%        N/A       2%          2
 Wereblood                Tmut           14%        N/A       2%          2
 Call Canine Familiar     Summ           14%        N/A       4%          3
 Summon Guardian Golem    Hex/Summ       14%        N/A       4%          3
 Summon Hydra             Summ           7%         N/A       100%        7


Dungeon Overview and Level Annotations

Branches:
Dungeon (8/15)             Temple (1/1) D:6            Lair (0/5) D:8
  Sewer (visited)

Altars:
Ashenzari
Cheibriados
Dithmenos
Elyvilon
Fedhas
Gozag
Hepliaklqana
Kikubaaqudgha
Makhleb
Nemelex Xobeh
Okawaru
Qazlal
Ru
Sif Muna
Trog
Uskayaw
Vehumet
Wu Jian
Xom
Yredelemnul
Zin
The Shining One


Message History

The centaur warrior kicks you but does no damage.
The centaur warrior barely misses you.
The centaur warrior kicks you but does no damage.
The centaur warrior hits you but does no damage.
The centaur warrior closely misses you.
Casting: Scorch (safe; 1% risk of failure)
Confirm with . or Enter, or press ? or * to list all spells.
Flames lash the centaur warrior.
The centaur warrior is burned terribly!
The centaur warrior is heavily wounded.
The centaur warrior hits you with a +4 scimitar of freezing!!
* * * LOW HITPOINT WARNING * * *
The centaur warrior freezes you!
* * * LOW HITPOINT WARNING * * *
The centaur warrior closely misses you. The centaur warrior barely misses you.
The centaur warrior kicks you.
* * * LOW HITPOINT WARNING * * *
The centaur warrior misses you.
The centaur warrior kicks you but does no damage.
You feel much better.
The centaur warrior hits you but does no damage.
The centaur warrior kicks you but does no damage.
You feel much better.
The centaur warrior hits you with a +4 scimitar of freezing!
The centaur warrior freezes you.
The centaur warrior kicks you but does no damage.
The centaur warrior barely misses you.
The centaur warrior kicks you but does no damage.
Casting: Scorch (safe; 1% risk of failure)
Confirm with . or Enter, or press ? or * to list all spells.
Flames lash the centaur warrior.
The centaur warrior is burned terribly!
The centaur warrior is severely wounded.
The centaur warrior hits you with a +4 scimitar of freezing!
The centaur warrior freezes you. The centaur warrior closely misses you.
The centaur warrior hits you with a +4 scimitar of freezing!
* * * LOW HITPOINT WARNING * * *
The centaur warrior freezes you.
* * * LOW HITPOINT WARNING * * *
The centaur warrior kicks you but does no damage.
The centaur warrior hits you with a +4 scimitar of freezing!
You die...

...#.......##..)##.....#....##...
...####.####..#..#.....#.....#...
....#.....##..#..##....#.....#...
....##.#.##.......#....#.....#...
.....#...###.....###...#.....#...
.....##.##.###.###.#...#..##.#...
......#.##.......H.##..#..##'###.
....#.#'#'#######c#'#..#.......#.
......##.## ##@##.#..#.......'.
.......##.## ##.## .##.#.......#.
######.###.###.## .##..#'##...#.
...)....###.#.## H###....#...#.
........####.## c###....#...#.
.........# #.# }.###...#...#.
.......<.###.# #...###'#.
..........##.# ##........
..........##.# #........


You could see a centaur warrior (combustible) and a manticore.

Vanquished Creatures
  Maurice (D:8)
  A kobold demonologist (D:7)
  A yak (D:8)
  A wraith (D:6)
  Eustachio (D:6)
  4 water moccasins
  An orc warrior (D:7)
  A sky beast (D:7)
  3 ogres
  2 centaurs (D:8)
  3 kobold brigands (D:8)
  4 bullfrogs
  A gnoll sergeant (D:8)
  2 scorpions
  3 wights (D:6)
  7 killer bees
  2 howler monkeys
  2 jellies (D:6)
  3 hounds
  Crazy Yiuf (D:2)
  An orc priest (D:8)
  A gnoll bouda (D:6)
  3 iguanas
  A sleepcap (D:6)
  Natasha (thrice) (D:4)
  5 orc wizards
  A hell rat (Sewer)
  A hound zombie (D:2)
  13 gnolls
  7 adders
  3 river rats (Sewer)
  2 shadow imps
  A white imp (D:5)
  An adder skeleton (D:2)
  2 dart slugs
  3 worms
  20 orcs
  8 ball pythons
  A bat skeleton (D:2)
  A bat zombie (D:2)
  6 endoplasms
  8 giant cockroaches
  8 goblins
  7 hobgoblins
  2 jackals (D:1)
  3 quokkas
  A ball python skeleton (D:2)
  A ball python zombie (D:2)
  7 bats
  2 frilled lizards (D:1)
  A jackal skeleton (D:2)
  17 kobolds
  9 rats
  A spectral goblin (D:2)
195 creatures vanquished.

Vanquished Creatures (collateral kills)
  A foxfire (D:3)
1 creature vanquished.

Vanquished Creatures (others)
  275 foxfires
275 creatures vanquished.

Grand Total: 471 creatures vanquished

Notes
Turn   | Place    | Note
-------+----------+-------------------------------------------
     0 | D:1      | Ijustatesigmund the Deep Elf Fire Elementalist began the
                  | quest for the Orb.
     0 | D:1      | Reached XP level 1. HP: 10/10 MP: 6/6
   358 | D:1      | Reached XP level 2. HP: 16/16 MP: 6/8
   361 | D:1      | Learned a level 2 spell: Scorch
  1052 | D:2      | Reached skill level 1 in Fighting
  1052 | D:2      | Reached XP level 3. HP: 20/20 MP: 7/10
  1127 | D:2      | Found a faded altar of an unknown god.
  1589 | D:2      | Reached XP level 4. HP: 25/25 MP: 6/11
  1635 | D:2      | Learned a level 4 spell: Flame Wave
  1971 | D:2      | Reached skill level 4 in Spellcasting
  2139 | D:2      | Found a runed translucent door.
  2140 | D:2      | Noticed Crazy Yiuf
  2146 | D:2      | Killed Crazy Yiuf
  2568 | D:3      | Found a bloodstained altar of Trog.
  2568 | D:3      | Found a shimmering altar of Xom.
  2571 | D:3      | Found an iron altar of Okawaru.
  2572 | D:3      | Found a shimmering blue altar of Sif Muna.
  2573 | D:3      | Found a blossoming altar of Fedhas.
  2579 | D:3      | Reached XP level 5. HP: 30/30 MP: 10/13
  3278 | D:4      | Noticed Natasha
  3283 | D:4      | Killed Natasha
  3448 | D:4      | Noticed Natasha
  3462 | D:4      | HP: 1/30 [Natasha/magic dart (6)]
  3464 | D:4      | Killed Natasha
  3477 | D:4      | Reached skill level 5 in Spellcasting
  3477 | D:4      | Reached XP level 6. HP: 23/35 MP: 1/15
  3951 | D:4      | Noticed Natasha
  3956 | D:4      | Killed Natasha
  4513 | D:5      | Entered Level 5 of the Dungeon
  4529 | D:5      | Reached skill level 5 in Fire Magic
  4620 | D:5      | Found a glowing drain.
  4624 | Sewer    | Entered a sewer
  4630 | Sewer    | Reached XP level 7. HP: 33/40 MP: 5/17
  5112 | D:5      | Reached skill level 6 in Spellcasting
  5320 | D:5      | Reached skill level 1 in Short Blades
  5972 | D:6      | Noticed a wraith
  6306 | D:6      | Noticed Eustachio
  6319 | D:6      | Killed Eustachio
  6320 | D:6      | Reached skill level 5 in Conjurations
  6320 | D:6      | Reached XP level 8. HP: 45/45 MP: 8/20
  6619 | D:6      | Reached skill level 7 in Spellcasting
  7173 | D:6      | Found a staircase to the Ecumenical Temple.
  7538 | D:7      | Noticed a kobold demonologist
  7550 | D:7      | Killed a kobold demonologist
  7551 | D:7      | Reached skill level 8 in Spellcasting
  7551 | D:7      | Reached XP level 9. HP: 49/49 MP: 11/23
  7866 | Temple   | Entered the Ecumenical Temple
  7871 | Temple   | Became a worshipper of Cheibriados the Contemplative
  8289 | D:7      | Reached skill level 1 in Invocations
  8621 | D:7      | Reached * piety under Cheibriados
  9344 | D:8      | Reached skill level 9 in Spellcasting
  9417 | D:8      | Paralysed by a hornet for 2 turns
  9678 | D:8      | Noticed Maurice
  9687 | D:8      | Killed Maurice
  9898 | D:8      | Found a staircase to the Lair.
  9944 | D:8      | Reached XP level 10. HP: 55/56 MP: 20/25
 10061 | D:8      | Reached ** piety under Cheibriados
 10424 | D:8      | Learned a level 3 spell: Stone Arrow
 10711 | D:8      | Noticed a manticore
 10711 | D:8      | Noticed a centaur warrior
 10989 | D:8      | Identified the ring of Atheism {rF- Will- Int+8 SInv}
 10997 | D:8      | Slain by a centaur warrior

Illustrated notes

Levels and vault maps discovered:
D:1:      lemuel_arrival_cross, layout_basic, st_stairs_2, nicolae_the_louvre
D:2:      layout_loops_ring, dreamdust_ecumenical_altar_drowned_temple,
          serial_undead, serial_undead_e, serial_undead_a, serial_undead_c,
          serial_undead_b, minmay_tall_x, uniq_crazy_yiuf_cottage
D:3:      layout_basic, grunt_temple_overflow_open, serial_bayou_pond_e,
          corexii_hall_statues_deadend
D:4:      layout_loops_ring, mrwooster_statue_mirror, uniq_natasha
D:5:      layout_basic, gup_sewer_entry_bowl, feat_on_display
D:6:      layout_rooms, minmay_temple_entry_hall, kennysheep_generic_room_14,
          uniq_eustachio
D:7:      layout_loops_ring
D:8:      minmay_the_grid_triangle_9x9_rhombus_thin
          [minmay_the_grid_triangle_9x9_minimal,
          minmay_the_grid_triangle_9x9_prize_insulated,
          minmay_the_grid_triangle_9x9_alien,
          minmay_the_grid_triangle_9x9_dagger], layout_gridville,
          lair_entry_dummy, uniq_maurice
Temple:   sentei_temple_godly_chess

Skill      XL: |  1  2  3  4  5  6  7  8  9 |
---------------+----------------------------+-----
Fighting       | 1 2 4 |  4.2
Conjurations   | 2 3 4 5 6 7 |  7.7
Spellcasting   | 4 5 6 8 9 |  9.7
Fire Magic     | 4 5 6 7 8 |  8.4
Short Blades   | 2 |  2.5
Dodging        | 4 |  4.9
Invocations    | 3 |  3.8
Stealth        | |  2.4
Earth Magic    | |  0.1

Action                     |  1- 3 |  4- 6 |  7- 9 | 10-12 || total
---------------------------+-------+-------+-------+-------++-------
  Melee: Short sword       |    22 |    20 |     9 |       ||    51
         Punch             |       |       |     1 |       ||     1
   Cast: Foxfire           |    49 |    40 |    54 |    21 ||   164
         Scorch            |    11 |    46 |   106 |    10 ||   173
         Flame Wave        |       |       |     7 |     2 ||     9
    Use: Potion            |       |     1 |     4 |     2 ||     7
         Scroll            |       |    13 |     9 |       ||    22
   Stab: Sleeping          |     1 |     1 |       |       ||     2
         Distracted        |     1 |       |       |       ||     1
 Armour: Robe              |    24 |    35 |    79 |    18 ||   156
  Dodge: Dodged            |    17 |    37 |    94 |    14 ||   162

Table legend: (Time is in decaauts)
 A = Elapsed time spent in this place.
 B = Non-inter-level travel time spent in this place.
 C = Inter-level travel time spent in this place.
 D = Time resting spent in this place.
 E = Time spent auto-exploring this place.
 F = Levels seen in this place.
 G = Mean time per level.
                   A        B        C        D        E       F      G
               +--------+--------+--------+--------+--------+-----+--------+
         Total |  11541 |  11023 |    518 |   3530 |   6148 |  10 | 1154.1 |
       Dungeon |  11179 |  10665 |    514 |   3310 |   6091 |   8 | 1397.4 |
        Temple |      9 |      5 |      4 |      0 |      0 |   1 |    9.0 |
         Sewer |    352 |    352 |      0 |    220 |     56 |   1 |  352.0 |
               +--------+--------+--------+--------+--------+-----+--------+

Top non-repeatable levels by time:
     D:8: 2039 daAuts
     D:7: 1890 daAuts
     D:2: 1557 daAuts
     D:5: 1302 daAuts
     D:6: 1282 daAuts
     D:4: 1253 daAuts
     D:1: 981 daAuts
     D:3: 872 daAuts
   Sewer: 352 daAuts
  Temple: 9 daAuts
